 Dungeon Crawl Stone Soup version 0.25.0-11-g1f837a76a1 (console) character file.

Game seed: 16893890843347028971

78 Kagalorn the Sneak (level 4, -4/28 HPs)
             Began as an Octopode Arcane Marksman on June 26, 2020.
             Killed from afar by Sigmund (15 damage)
             ... with a puff of flame
             ... on level 2 of the Dungeon.
             The game lasted 00:04:33 (2419 turns).

Kagalorn the Sneak (Octopode Arcane Marksman)       Turns: 2419, Time: 00:04:34

Health: -4/28      AC:  1    Str:  9    XL:     4   Next: 36%
Magic:  5/5        EV: 13    Int: 16    God:
Gold:   79         SH:  0    Dex: 12    Spells: 4/5 levels left

rFire    . . .     SeeInvis .   a - +0 dagger
rCold    . . .     Gourm    .   (no shield)
rNeg     . . .     Faith    .   (helmet restricted)
rPois    .         Spirit   .   (no amulet)
rElec    .         Reflect  .   (no ring)
rCorr    .         Harm     .   (no ring)
MR       .....                  (no ring)
Stlth    ++++......             (no ring)
HPRegen  0.09/turn              (no ring)
MPRegen  0.09/turn              (no ring)
                                (no ring)
                                (no ring)

@: no status effects
A: almost no armour, stealthy swim, amphibious, 8 rings, constrict 8, camouflage
1, gelatinous body 1
a: no special abilities


You were on level 2 of the Dungeon.
You were not hungry.

You visited 1 branch of the dungeon, and saw 2 of its levels.

You collected 79 gold pieces.

Inventory:

Hand Weapons
 a - a +0 dagger (weapon)
 k - a cursed -1 whip
Missiles
 b - 10 javelins
 c - 2 throwing nets
 h - 28 sling bullets
 i - 6 poisoned darts (quivered)
 n - 16 bolts
 p - 32 stones
Scrolls
 e - 3 scrolls of identify {unknown}
 l - 3 scrolls of enchant weapon {unknown}
 q - a scroll of fear {unknown}
 t - a scroll of noise {unknown}
Potions
 f - a potion of stabbing {unknown}
 g - a potion of lignification {unknown}
 j - a potion of flight {unknown}
 m - 2 potions of resistance {unknown}
 o - a potion of haste {unknown}
 r - a potion of mutation {unknown}
 s - a potion of invisibility {unknown}
Comestibles
 d - a ration


   Skills:
 - Level 1.0 Fighting
 - Level 2.0 Throwing
 - Level 2.0 Dodging
 + Level 5.6 Stealth
 - Level 1.0 Spellcasting
 - Level 3.0 Hexes


You had 4 spell levels left.
You knew the following spells:

 Your Spells              Type           Power        Failure   Level  Hunger
a - Corona                Hex            ##.....      7%          1    ##.....

Your spell library contained the following spells:

 Spells                   Type           Power        Failure   Level  Hunger
 Slow                     Hex            ##......     10%         2    ###....
 Inner Flame              Hex/Fire       #.......     36%         3    ####...
 Portal Projectile        Hex/Tloc       #.....       36%         3    ####...
 Cause Fear               Hex            ##........   54%         4    #####..
 Leda's Liquefaction      Hex/Erth       #.........   77%         4    #####..


Dungeon Overview and Level Annotations

Branches:
Dungeon (2/15)

Altars:

Annotations:
D:2 Sigmund


Innate Abilities, Weirdness & Mutations

You cannot wear most types of armour.
You are very stealthy in the water. (Stealth+)
You are amphibious.
You can wear up to eight rings at the same time.
You can use your tentacles to constrict eight enemies at once.
Your skin changes colour to match your surroundings (Stealth+).
Your rubbery body absorbs attacks. (AC +1, EV +1)


Message History

You throw a poisoned dart. The poisoned dart hits Sigmund.
Sigmund looks even sicker.
Sigmund screams, "Die, monster!"
Throwing (i - inventory. (/) - cycle)
i - 7 poisoned darts (quivered)
Press: ? - help, Shift-Dir - straight line, f/p - Sigmund
Aim: Sigmund, wielding a +0 scythe, wearing a +0 robe and carrying a wand of flame (8) (lightly wounded, very poisoned)
You throw a poisoned dart. The poisoned dart hits Sigmund.
Sigmund looks even sicker.
Sigmund is lightly wounded.
Sigmund casts a spell.
Sigmund flickers and vanishes!
Deactivating autopickup; reactivate with Ctrl-A.
You hear a zap.
A puff of flame appears from out of thin air!
The puff of flame hits you!
You hear a zap.
A puff of flame appears from out of thin air!
The puff of flame hits you!
Ouch! That really hurt!
You die...

# #.#
#......###.....#
#{####.# #.....#
#.# #.# #.....#
##.## #.# #.....#
#...# #.# #.....#
###############...#
#.# #.....#
..................#
#.# #.....#
.#############....#
#.# #.....##
.#....# ######..@.#
#.# #......#
.#.##.# #.........#
#.# ##.....#
.#.##.# #.######'##
#.# #.....#
.#.##.###.# #.# #.#
#.....##
.#.##.....######.##
#.# #.......
.#.########.......#
#.# #.......
.#..^.............#
#.# #....)..
.....######.......#
#.# ######.# .....#
#.......# #.# #.#


There were no monsters in sight!

Vanquished Creatures
  4 gnolls (D:2)
  An ooze (D:1)
  A worm (D:2)
  A dart slug (D:1)
  2 leopard geckos (D:1)
  A giant cockroach (D:1)
  6 goblins (D:1)
  2 hobgoblins
  4 kobolds
  2 quokkas (D:2)
  3 bats
  A frilled lizard (D:1)
  3 rats
31 creatures vanquished.

Notes
Turn   | Place    | Note
-------+----------+-------------------------------------------
     0 | D:1      | Kagalorn the Octopode Arcane Marksman began the quest for
                  | the Orb.
     0 | D:1      | Reached XP level 1. HP: 13/13 MP: 2/2
   109 | D:1      | Reached skill level 1 in Stealth
   186 | D:1      | Reached skill level 2 in Stealth
   281 | D:1      | Reached XP level 2. HP: 10/18 MP: 1/3
   778 | D:1      | Reached skill level 3 in Stealth
   955 | D:1      | Reached XP level 3. HP: 19/23 MP: 4/4
  1058 | D:1      | Reached skill level 4 in Stealth
  1366 | D:2      | Noticed Sigmund
  1617 | D:2      | Reached skill level 5 in Stealth
  1617 | D:2      | Reached XP level 4. HP: 26/28 MP: 5/5
  2419 | D:2      | Killed from afar by Sigmund

Illustrated notes

Levels and vault maps discovered:
D:1:      saegor_arrival_simple_b, layout_basic
D:2:      layout_basic, kennysheep_doodads, uniq_natasha, uniq_sigmund

Skill      XL: |  1  2  3 |
---------------+----------+-----
Stealth        | 2 3 5 |  5.6
Fighting       | |  1.0
Throwing       | |  2.0
Dodging        | |  2.0
Spellcasting   | |  1.0
Hexes          | |  3.0

Action                   |  1- 3 |  4- 6 || total
-------------------------+-------+-------++-------
Melee: Dagger            |    37 |    17 ||    54
       Constrict         |    10 |     6 ||    16
       Tentacles         |     3 |     3 ||     6
       Unarmed           |     2 |       ||     2
Throw: Javelin           |     1 |       ||     1
       Dart              |    17 |    10 ||    27
 Cast: Corona            |     7 |     3 ||    10
 Stab: Sleeping          |     6 |     1 ||     7
  Eat: Ration            |     1 |       ||     1
       Chunk             |       |     1 ||     1
Armor: Skin              |     5 |       ||     5
Dodge: Dodged            |    20 |     9 ||    29
